 Dungeon Crawl Stone Soup version 0.29-a0-23-ga79f92ac9c (webtiles) character file.

Game seed: 15420536080662887541

163 HallandMoats the Skirmisher (level 5, -2/46 HPs)
             Began as a Ghoul Monk on Jan 30, 2022.
             Slain by an adder (4 damage)
             ... on level 4 of the Dungeon.
             The game lasted 00:02:49 (2564 turns).

HallandMoats the Skirmisher (Ghoul Monk)            Turns: 2564, Time: 00:02:50

Health: -2/46      AC:  5    Str: 17    XL:     5   Next: 44%
Magic:  5/5        EV: 11    Int:  5    God:
Gold:   190        SH:  5    Dex: 11    Spells: 4/4 levels left

rFire   . . .      SeeInvis .     - Unarmed
rCold   + + .      Faith    .   (no shield)
rNeg    + + +      Spirit   .   j - +0 ring mail
rPois   ∞          Reflect  +   (no helmet)
rElec   .          Harm     .   (no cloak)
rCorr   .          Rampage  .   (no gloves)
Will    .....                   (no boots)
Stlth   +.........              b - amulet of reflection
HPRegen 0.00/turn               g - ring of protection from cold
MPRegen 0.09/turn               (no ring)

@: mighty, inhibited regen
A: claws 1, cold resistance 1, negative energy resistance 3, inhibited
regeneration, torment resistance 2
a: no special abilities


You were on level 4 of the Dungeon.
You visited 1 branch of the dungeon, and saw 4 of its levels.

You collected 190 gold pieces.

Inventory:

Armour
 j - a +0 ring mail (worn)
Jewellery
 b - an amulet of reflection (around neck)
 g - a ring of protection from cold (left claw)
Scrolls
 a - 2 scrolls of teleportation {unknown}
 d - a scroll of identify {unknown}
 h - a scroll of silence {unknown}
 i - a scroll of holy word {unknown}
Potions
 f - a potion of lignification {unknown}


   Skills:
 + Level 4.2 Fighting
 + Level 1.7 Armour
 + Level 3.3 Dodging
 - Level 2.1 Stealth
 + Level 4.1 Unarmed Combat
 + Level 2.2 Invocations


You had 4 spell levels left.
You didn't know any spells.
Your spell library contained the following spells:

 Spells                   Type           Power      Damage    Failure   Level
 Freeze                   Ice            0%         1d3       67%         1
 Frozen Ramparts          Ice            0%         1d2       96%         3
 Hailstorm                Conj/Ice       0%         3d3       100%        4


Dungeon Overview and Level Annotations

Branches:
Dungeon (4/15)
 Temple: D:4-7

Altars:
Ashenzari


Innate Abilities, Weirdness & Mutations

You thrive by killing the living.
You are immune to poison.
You have sharp fingernails.
Your flesh is cold resistant. (rC+)
You are immune to negative energy. (rN+++)
You do not regenerate when monsters are visible.
You are immune to unholy pain and torment.


Message History

The adder closely misses you. You block the kobold's attack.
You block the ufetubus's attack. The ufetubus hits you.
The adder closely misses you.
You closely miss the ufetubus.
The ufetubus is almost dead.
You block the kobold's attack. The ufetubus barely misses you.
The ufetubus hits you. The adder closely misses you.
You claw the ufetubus!
You kill the ufetubus!
The kobold hits you with a +0 whip. The adder bites you but does no damage.
The kobold closely misses you.
There is a large open door, spattered with blood here.
You see here a howler monkey corpse.
The kobold hits you with a +0 whip.
* * * LOW HITPOINT WARNING * * *
The adder bites you but does no damage.
The kobold throws a stone.
The stone barely misses you. The adder bites you.
* * * LOW HITPOINT WARNING * * *
The adder barely misses you.
Found a scroll labelled AKKIGEETOUT.
An iguana comes into view.
The iguana hisses angrily.
You block the adder's attack.
You closely miss the adder. The adder barely misses you.
Sorry, you're not good enough to have a special ability.
It was a potion of magic.
Magic courses through your body. The adder barely misses you.
It was a potion of might.
You feel very mighty all of a sudden. The adder barely misses you.
The iguana barely misses you.
You barely miss the iguana. The adder barely misses you. The iguana bites you!
* * * LOW HITPOINT WARNING * * *
The adder bites you but does no damage.
You barely miss the iguana. The iguana misses you. The adder bites you.
* * * LOW HITPOINT WARNING * * *
You scratch the iguana.
The iguana is lightly wounded.
The adder bites you.
You die...

..##...#..########...#
..#....#...K#..#.....#
#..#....#..#)#†'#.#...#
#..#..................#
#..#......######...).##
........# ##K...#
...........####....#
#........?...##..##
#..........l@SKK.#
......####......# .....
####.... .... ###.. ...
# .. .


You could see an iguana, an adder and 2 kobolds.

Vanquished Creatures
  A howler monkey (D:4)
  A hound (D:4)
  2 adders
  An ufetubus (D:4)
  A dart slug (D:2)
  A worm (D:3)
  2 orcs
  8 ball pythons
  3 endoplasms (D:1)
  A giant cockroach (D:3)
  4 goblins
  6 hobgoblins
  4 jackals (D:2)
  2 quokkas
  5 bats
  4 frilled lizards
  6 kobolds
  11 rats
63 creatures vanquished.

Vanquished Creatures (others)
  2 plants (D:2)
2 creatures vanquished.

Grand Total: 65 creatures vanquished

Notes
Turn   | Place    | Note
-------+----------+-------------------------------------------
     0 | D:1      | HallandMoats the Ghoul Monk began the quest for the Orb.
     0 | D:1      | Reached XP level 1. HP: 19/19 MP: 0/0
    37 | D:1      | Reached XP level 2. HP: 13/26 MP: 1/1
   693 | D:1      | Reached skill level 1 in Invocations
   738 | D:1      | Reached XP level 3. HP: 31/31 MP: 2/2
  1308 | D:2      | Reached skill level 1 in Armour
  1615 | D:2      | Reached XP level 4. HP: 40/40 MP: 4/4
  2502 | D:4      | Found a broken altar of Ashenzari.
  2535 | D:4      | Reached XP level 5. HP: 46/46 MP: 5/5
  2563 | D:4      | HP: 2/46 [adder (2)]
  2564 | D:4      | Slain by an adder

Illustrated notes

Levels and vault maps discovered:
D:1:      dpeg_arrival_central, layout_rooms
D:2:      layout_loops_ring, serial_bayou, serial_bayou_pond_a,
          serial_bayou_crossing, serial_bayou_lagoon_b, serial_bayou_pond_e
D:3:      layout_rooms
D:4:      layout_cave_pods, nicolae_tso_carved_into_rock,
          cheibrodos_ashenzari_chains, minmay_temple_entry_butterflies,
          minmay_misc_feat_enclosed, chequers_serial_rivers_small_b,
          minmay_mini_jars

Skill      XL: |  1  2  3  4 |
---------------+-------------+-----
Invocations    | 1 2 |  2.2
Dodging        | 3 |  3.3
Armour         | 1 |  1.7
Fighting       | 4 |  4.2
Unarmed Combat | 4 |  4.1
Stealth        | |  2.1

Action                   |  1- 3 |  4- 6 || total
-------------------------+-------+-------++-------
Melee: Unarmed           |   161 |    87 ||   248
       Punch             |     3 |     1 ||     4
  Use: Potion            |       |     2 ||     2
 Stab: Sleeping          |       |     4 ||     4
Armor: Robe              |    17 |     3 ||    20
       Leather armour    |    21 |       ||    21
       Ring mail         |       |    20 ||    20
Dodge: Dodged            |    84 |    68 ||   152
Block: Other             |    35 |    25 ||    60

Table legend: (Time is in decaauts)
 A = Elapsed time spent in this place.
 B = Non-inter-level travel time spent in this place.
 C = Inter-level travel time spent in this place.
 D = Time resting spent in this place.
 E = Time spent auto-exploring this place.
 F = Levels seen in this place.
 G = Mean time per level.
                   A        B        C        D        E       F      G
               +--------+--------+--------+--------+--------+-----+--------+
         Total |   2575 |   2520 |     55 |      0 |   1962 |   4 |  643.8 |
       Dungeon |   2575 |   2520 |     55 |      0 |   1962 |   4 |  643.8 |
               +--------+--------+--------+--------+--------+-----+--------+

Top non-repeatable levels by time:
     D:1: 1092 daAuts
     D:2: 928 daAuts
     D:3: 481 daAuts
     D:4: 73 daAuts
